 Dungeon Crawl Stone Soup version 0.29.1-2-gbd0b4ee654 (webtiles) character file.

Game seed: 4950869992612883254

3801 Lutefisk the Zephyrmancer (level 10, -6/60 HPs)
             Began as a Tengu Air Elementalist on Nov 23, 2022.
             Was a Believer of Vehumet.
             Mangled by a swamp worm (11 damage)
             ... on level 1 of the Lair of Beasts.
             The game lasted 00:37:38 (4036 turns).

Lutefisk the Zephyrmancer (Tengu Air Elementalist)  Turns: 4036, Time: 00:37:39

Health: -6/60      AC:  6    Str:  8    XL:     10   Next: 17%
Magic:  4/18       EV: 18    Int: 19    God:    Vehumet [**....]
Gold:   463        SH:  0    Dex: 16    Spells: 9/19 levels left

rFire   + . .      SeeInvis .   k - +0 dagger (venom)
rCold   . . .      Faith    .   (no shield)
rNeg    + . .      Spirit   .   a - +0 robe
rPois   .          Reflect  .   (helmet restricted)
rElec   .          Harm     .   B - +1 cloak
rCorr   .          Rampage  .   O - +1 pair of gloves of the Sailor {Slay+2}
Will    .....                   (boots unavailable)
Stlth   ++++......              j - amulet of regeneration
HPRegen 1.00/turn               l - ring of positive energy
MPRegen 0.16/turn               J - ring of protection from fire

@: lethally poisoned (-6 -> -9), flying quickly and evasively, quick
A: beak, talons 3, nimble flight
a: Renounce Religion


You were on level 1 of the Lair of Beasts.
You worshipped Vehumet.
Vehumet was pleased with you.
You visited 3 branches of the dungeon, and saw 11 of its levels.

You collected 463 gold pieces.

Inventory:

Hand Weapons
 k - a +0 dagger of venom (weapon)
Missiles
 x - a throwing net
 A - 11 poisoned darts
Armour
 a - a +0 robe (worn)
 y - a scarf of repulsion
 B - a +1 cloak (worn)
 O - the +1 pair of gloves of the Sailor (worn) {Slay+2}
   (You found it on level 1 of the Lair of Beasts)

   Slay:      It affects your accuracy & damage with ranged weapons and melee
   (+2).
Magical Staves
 q - a staff of fire
 E - a staff of poison
 I - a staff of conjuration
Jewellery
 f - an amulet of faith
 j - an amulet of regeneration (around neck)
 l - a ring of positive energy (left hand)
 J - a ring of protection from fire (right hand)
Wands
 d - a wand of charming (6)
 F - a wand of flame (27)
 N - a wand of iceblast (1)
Scrolls
 c - a scroll of torment {unknown}
 g - 8 scrolls of identify
 h - 6 scrolls of teleportation {unknown}
 n - 2 scrolls of magic mapping {unknown}
 r - a scroll of poison {unknown}
 s - a scroll of blinking {unknown}
 t - 2 scrolls of vulnerability {unknown}
 u - 2 scrolls of enchant armour {unknown}
 w - 3 scrolls of enchant weapon {unknown}
 D - a scroll of amnesia {unknown}
 G - a scroll of fear {unknown}
 M - 2 scrolls of immolation {unknown}
Potions
 b - 2 potions of magic
 e - 2 potions of attraction {unknown}
 i - 6 potions of flight
 m - 2 potions of mutation {unknown}
 o - 2 potions of brilliance {unknown}
 p - a potion of haste
 v - 2 potions of might {unknown}
 z - 3 potions of curing
 C - 2 potions of ambrosia {unknown}
 H - a potion of heal wounds {unknown}
 K - a potion of resistance {unknown}
 L - a potion of experience {unknown}


   Skills:
 - Level 6.0 Fighting
 - Level 3.6 Short Blades
 - Level 2.0 Armour
 - Level 7.0 Dodging
 - Level 7.1 Stealth
 * Level 5.1 Spellcasting
 - Level 4.0 Conjurations
 - Level 8.0 Air Magic
 - Level 3.0 Evocations


You had 9 spell levels left.
You knew the following spells:

 Your Spells              Type           Power      Damage    Failure   Level
a - Shock                 Conj/Air       100%       1d9       1%          1
b - Static Discharge      Conj/Air       27%        3-7/arc   1%          2
c - Swiftness             Air            35%        N/A       1%          3
d - Airstrike             Air            17%        2d(3-19)  4%          4

Your spell library contained the following spells:

 Spells                   Type           Power      Damage    Failure   Level
 Poisonous Vapours        Pois/Air       40%        N/A       3%          2
 Summon Small Mammal      Summ           16%        N/A       12%         1
 Call Canine Familiar     Summ           4%         N/A       36%         3
 Portal Projectile        Hex/Tloc       8%         N/A       36%         3
 Summon Guardian Golem    Hex/Summ       4%         N/A       36%         3
 Leda's Liquefaction      Hex/Erth       2%         N/A       77%         4


Dungeon Overview and Level Annotations

Branches:
Dungeon (9/15)             Temple (1/1) D:5            Lair (1/5) D:9
    Orc: D:9-12

Altars:
Ashenzari
Cheibriados
Dithmenos
Elyvilon
Fedhas
Gozag
Hepliaklqana
Kikubaaqudgha
Nemelex Xobeh
Qazlal
Ru
Sif Muna
Trog
Uskayaw
Vehumet
Wu Jian
Yredelemnul
Zin
The Shining One

Annotations:
D:8 Grum, Joseph, Maggie


Innate Abilities, Weirdness & Mutations

You have a beak for a mouth.
You have claws for feet.
Your magical nature lets you fly swiftly and evasively.


Message History

Okay, then.
Aiming: Charm
Press: ? - help, Shift-Dir - straight line, f/p - cane toad
Aim: a cane toad (moderately wounded, chance to affect: 56%)
The cane toad resists with significant effort.
The swamp worm closely misses you.
The cane toad stings you but does no damage.
Aiming: Charm
Press: ? - help, Shift-Dir - straight line, f/p - cane toad
Aim: a cane toad (moderately wounded, chance to affect: 56%)
The cane toad resists with significant effort.
The swamp worm barely misses you. The cane toad misses you.
The swamp worm barely misses you.
Aiming: Charm
Press: ? - help, Shift-Dir - straight line, f/p - cane toad
Aim: a cane toad (moderately wounded, chance to affect: 56%)
The cane toad resists with significant effort.
The cane toad closely misses you. The swamp worm bites you.
The cane toad stings you!
You are poisoned.
The cane toad poisons you!
Aiming: Charm
Press: ? - help, Shift-Dir - straight line, f/p - cane toad
Aim: a cane toad (moderately wounded, chance to affect: 56%)
The cane toad resists with significant effort.
You feel very sick. The swamp worm bites you!
The cane toad completely misses you.
Unknown command.
Aiming: Charm
Press: ? - help, Shift-Dir - straight line, f/p - cane toad
Aim: a cane toad (moderately wounded, chance to affect: 56%)
The cane toad resists with significant effort.
You feel very sick. The swamp worm completely misses you.
The cane toad stings you!!
* * * LOW HITPOINT WARNING * * *
As you read the scroll labelled SYUH HIOSCHI, it crumbles to dust.
It is a scroll of identify.
i - 6 potions of flight You feel sick.
The swamp worm bites you!
You die...

..$........ ##......[.##
.... #.........P #...##
#........# ###.....#
#.....†.# #........
#.......## ##........ #
##...)#..###.......F.
####
##...##..#.w........
...### ####
##.F@......... .....##
#............. ......##
###...........#P
.......# #P..†..#####.##
.>.....# ##......# #
.......###.......##
.......##.........##
......##...........###
......#..#.......)...###


You could see a cane toad and a swamp worm.

Vanquished Creatures
  2 cane toads (Lair:1)
  A polar bear (Lair:1)
  A shadow (D:9)
  A wyvern (D:7)
  An acid dragon (D:8)
  Menkaure (D:6)
  An orc warrior (D:6)
  A sky beast (D:6)
  2 black bears (D:6)
  2 ogres
  A centaur (D:7)
  2 phantoms (D:5)
  2 kobold brigands
  5 bullfrogs
  A scorpion (D:6)
  2 gnoll sergeants
  A wight (D:8)
  6 killer bees (D:9)
  5 hounds
  An orc priest (D:7)
  Crazy Yiuf (D:5)
  2 iguanas (D:6)
  2 orc wizards
  Robin (D:4)
  23 gnolls
  6 adders
  3 river rats (D:5)
  2 white imps
  2 ufetubi (D:5)
  3 dart slugs
  14 orcs
  6 endoplasms
  3 giant cockroaches
  8 hobgoblins
  4 quokkas
  8 ball pythons
  4 bats
  A frilled lizard (D:2)
  13 goblins
  16 kobolds
  2 rats (D:2)
163 creatures vanquished.

Vanquished Creatures (others)
  2 fungi (D:5)
  16 plants
  4 toadstools (D:5)
22 creatures vanquished.

Grand Total: 185 creatures vanquished

Notes
Turn   | Place    | Note
-------+----------+-------------------------------------------
     0 | D:1      | Lutefisk the Tengu Air Elementalist began the quest for the
                  | Orb.
     0 | D:1      | Reached XP level 1. HP: 10/10 MP: 4/4
   167 | D:1      | Reached skill level 1 in Fighting
   172 | D:1      | Found a faded altar of an unknown god.
   252 | D:1      | Reached XP level 2. HP: 13/16 MP: 6/6
   423 | D:2      | Reached XP level 3. HP: 20/22 MP: 1/7
   612 | D:2      | Learned a level 2 spell: Static Discharge
   616 | D:2      | Learned a level 3 spell: Swiftness
   915 | D:3      | Reached XP level 4. HP: 20/28 MP: 6/8
  1013 | D:3      | Reached skill level 1 in Armour
  1174 | D:4      | Noticed Robin
  1190 | D:4      | Killed Robin
  1284 | D:4      | Found a stormy altar of Qazlal.
  1414 | D:4      | Gained mutation: Your magical nature lets you fly swiftly
                  | and evasively. [Tengu growth]
  1414 | D:4      | Reached XP level 5. HP: 32/32 MP: 9/9
  1429 | D:4      | Noticed an ogre
  1542 | D:4      | Killed an ogre
  1543 | D:4      | Reached skill level 6 in Air Magic
  1692 | D:5      | Entered Level 5 of the Dungeon
  1814 | D:5      | Found an opulent altar of Gozag.
  1854 | D:5      | Noticed a phantom
  1865 | D:5      | Killed a phantom
  1866 | D:5      | Reached XP level 6. HP: 34/37 MP: 6/11
  1939 | D:5      | Reached XP level 7. HP: 43/43 MP: 7/12
  2254 | D:5      | Found a white marble altar of Elyvilon.
  2280 | D:5      | Reached skill level 5 in Fighting
  2514 | D:5      | Found a runed translucent door.
  2515 | D:5      | Noticed Crazy Yiuf
  2531 | D:5      | Killed Crazy Yiuf
  2580 | D:5      | Reached XP level 8. HP: 17/49 MP: 3/15
  2601 | D:5      | Found a staircase to the Ecumenical Temple.
  2607 | Temple   | Entered the Ecumenical Temple
  2679 | Temple   | Became a worshipper of Vehumet
  2899 | D:6      | Reached skill level 5 in Stealth
  2987 | D:6      | Reached skill level 1 in Short Blades
  3124 | D:7      | Noticed Menkaure
  3126 | D:7      | Noticed a wyvern
  3138 | D:6      | Killed Menkaure
  3139 | D:6      | Reached XP level 9. HP: 46/54 MP: 2/16
  3228 | D:7      | Learned a level 4 spell: Airstrike
  3258 | D:7      | Reached * piety under Vehumet
  3258 | D:7      | Offered knowledge of Sandblast by Vehumet.
  3259 | D:7      | Reached skill level 1 in Evocations
  3368 | D:7      | Found a basalt altar of Yredelemnul.
  3479 | D:8      | Noticed Grum
  3518 | D:8      | Reached skill level 7 in Air Magic
  3535 | D:8      | Noticed Joseph
  3554 | D:8      | Reached skill level 8 in Air Magic
  3688 | D:8      | Noticed Maggie
  3753 | D:9      | Reached skill level 5 in Spellcasting
  3762 | D:9      | Offered knowledge of Poisonous Vapours by Vehumet.
  3769 | D:9      | Found a hazy altar of Hepliaklqana.
  3829 | D:9      | Reached ** piety under Vehumet
  3830 | D:9      | Reached skill level 5 in Dodging
  3830 | D:9      | Found a staircase to the Lair.
  3849 | Lair:1   | Entered Level 1 of the Lair of Beasts
  3930 | Lair:1   | Noticed a polar bear
  3932 | Lair:1   | Identified the +1 pair of gloves of the Sailor {Slay+2}
  3945 | Lair:1   | Killed a polar bear
  3994 | Lair:1   | Noticed a cane toad
  4006 | Lair:1   | Killed a cane toad
  4007 | Lair:1   | Reached XP level 10. HP: 60/60 MP: 0/18
  4017 | Lair:1   | Noticed a cane toad
  4021 | Lair:1   | Killed a cane toad
  4021 | Lair:1   | Noticed a cane toad
  4036 | Lair:1   | Mangled by a swamp worm

Illustrated notes

Levels and vault maps discovered:
D:1:      erik_arrival_triangle_large, layout_loops_ring, basic_ecumenical_altar
D:2:      layout_basic
D:3:      layout_loops_ring
D:4:      layout_loops_corners, grunt_qazlal_sundering, minmay_distorted,
          uniq_robin
D:5:      wad_woods_settlement, layout_loops_corners, elyvilon_altar_4,
          lemuel_doored_altar, minmay_temple_entry_fiery,
          minmay_gold_behind_fungi, nrook_loot_triangle, uniq_crazy_yiuf_cottage
D:6:      layout_basic
D:7:      layout_rooms, amcnicky_altar_gilded, uniq_menkaure
D:8:      layout_rooms, makhleb_altar_promises_db, minmay_stone_trees_medium,
          uniq_maggie, uniq_joseph, uniq_grum, uniq_prince_ribbit1
D:9:      layout_roguey, mainiacjoe_overflow_surrounded_room,
          mainiacjoe_overflow_swirl, dpeg_oklobed_lair
Temple:   nicolae_temple_superstar
Lair:1:   dpeg_oklob_gauntlet, layout_cave_pods, worms_lemuel, lemuel_fruit_tree

Skill      XL: |  1  2  3  4  5  6  7  8  9 10 |
---------------+-------------------------------+-----
Fighting       | 1 2 3 4 5 6 |  6.0
Conjurations   | 2 3 4 |  4.0
Armour         | 1 2 |  2.0
Air Magic      | 6 8 |  8.0
Spellcasting   | 3 4 5 |  5.1
Dodging        | 3 4 6 7 |  7.0
Stealth        | 7 |  7.1
Short Blades   | 3 |  3.6
Evocations     | 3 |  3.0

Action                   |  1- 3 |  4- 6 |  7- 9 | 10-12 || total
-------------------------+-------+-------+-------+-------++-------
Melee: Dagger            |    39 |    52 |   177 |     5 ||   273
       Kick              |    10 |    20 |    59 |     1 ||    90
       Peck              |     7 |     8 |    48 |     1 ||    64
       Punch             |       |       |     1 |       ||     1
 Cast: Shock             |    35 |    32 |    95 |       ||   162
       Swiftness         |       |     1 |       |       ||     1
       Static Discharge  |       |     1 |    17 |       ||    18
       Airstrike         |       |       |    15 |       ||    15
Evoke: Wand              |       |       |     1 |    12 ||    13
  Use: Scroll            |       |       |       |     1 ||     1
 Stab: Sleeping          |     5 |     4 |     2 |       ||    11
Armor: Robe              |     6 |    10 |    38 |     1 ||    55
Dodge: Dodged            |    17 |    44 |   213 |    12 ||   286
